 Dungeon Crawl Stone Soup version 0.22-a0-410-g97be04f (webtiles) character file.

30 KristoblXynda the Insei (level 3, -1/23 HPs)
             Began as an Octopode Transmuter on May 11, 2018.
             Slain by a centaur skeleton (4 damage)
             ... on level 2 of the Dungeon.
             The game lasted 00:01:38 (1010 turns).

KristoblXynda the Insei (Octopode Transmuter)       Turns: 1010, Time: 00:01:39

Health: -1/23      AC:  1    Str:  9    XL:     3   Next: 18%
Magic:  6/6        EV: 13    Int: 16    God:
Gold:   20         SH:  0    Dex: 12    Spells: 5/6 levels left

rFire    . . .     SeeInvis .     - Unarmed
rCold    . . .     Gourm    .   (no shield)
rNeg     . . .     Faith    .   (helmet restricted)
rPois    .         Spirit   .   (no amulet)
rElec    .         Reflect  .   (no ring)
rCorr    .         Harm     .   (no ring)
MR       .....                  (no ring)
Stlth    ++........             (no ring)
HPRegen  0.07/turn              (no ring)
MPRegen  0.10/turn              (no ring)
                                (no ring)
                                (no ring)

@: no status effects
A: almost no armour, stealthy swim, amphibious, 8 rings, constrict 8, camouflage
1, gelatinous body 1
a: no special abilities


You were on level 2 of the Dungeon.
You were not hungry.

You visited 1 branch of the dungeon, and saw 2 of its levels.

You collected 20 gold pieces.

Inventory:

Missiles
 a - 34 arrows
Scrolls
 b - a scroll of identify {unknown}
 d - a scroll of amnesia {unknown}
 e - a scroll of fog {unknown}
 f - a scroll of remove curse {unknown}
 h - a scroll of teleportation {unknown}
Potions
 g - a potion of flight {unknown}
Comestibles
 c - 3 rations


   Skills:
 - Level 1.0 Fighting
 - Level 2.0 Dodging
 * Level 3.9 Unarmed Combat
 - Level 2.0 Spellcasting
 + Level 2.5 Transmutations


You had 5 spell levels left.
You knew the following spells:

 Your Spells              Type           Power        Failure   Level  Hunger
a - Beastly Appendage     Tmut           #.....       8%          1    #......


Dungeon Overview and Level Annotations

Branches:
Dungeon (2/15)

Altars:


Innate Abilities, Weirdness & Mutations

You cannot wear most types of armour.
You are very stealthy in the water. (Stealth+)
You are amphibious.
You can wear up to eight rings at the same time.
You can use your tentacles to constrict eight enemies at once.
Your skin changes colour to match your surroundings (Stealth+).
Your rubbery body absorbs attacks. (AC +1, EV +1)


Message History

You tentacle-slap the centaur skeleton. You squeeze the centaur skeleton.
The centaur skeleton is lightly damaged.
The centaur skeleton closely misses you.
You tentacle-slap the centaur skeleton but do no damage.
You squeeze the centaur skeleton.
The centaur skeleton is moderately damaged.
The centaur skeleton barely misses you.
You tentacle-slap the centaur skeleton.
The centaur skeleton is heavily damaged.
The centaur skeleton hits you.
You tentacle-slap the centaur skeleton.
The centaur skeleton is heavily damaged.
The centaur skeleton hits you! The centaur skeleton hits you.
You tentacle-slap the centaur skeleton.
The centaur skeleton is severely damaged.
The centaur skeleton hits you.
* * * LOW HITPOINT WARNING * * *
The centaur skeleton barely misses you. The centaur skeleton hits you.
You die...

##############
#....Z@......#
#.####.#####.# #.#
##.#####.#
................##.#
#######.####.##.##.#
#......##.##.#
######..†....#
####.#### #..#


You could see a centaur skeleton.

Vanquished Creatures
  2 dart slugs (D:1)
  A ball python (D:1)
  5 bats (D:1)
  4 goblins (D:1)
  2 hobgoblins (D:1)
  3 jackals (D:2)
  2 kobolds (D:1)
  2 frilled lizards (D:1)
  2 rats (D:1)
23 creatures vanquished.

Notes
Turn   | Place    | Note
-------+----------+-------------------------------------------
     0 | D:1      | KristoblXynda the Octopode Transmuter began the quest for the Orb.
     0 | D:1      | Reached XP level 1. HP: 13/13 MP: 3/3
   387 | D:1      | Reached XP level 2. HP: 18/18 MP: 5/5
   815 | D:1      | Reached XP level 3. HP: 23/23 MP: 6/6
  1010 | D:2      | Slain by a centaur skeleton

Vault maps used:
D:1:      onia_arrival_pyramid
D:2:      first_ration, uniq_crazy_yiuf_cottage

Action                   || total
-------------------------++-------
Melee: Unarmed           ||    47
       Constrict         ||    11
       Tentacles         ||     9
 Cast: Beastly Appendage ||     1
 Stab: Sleeping          ||     6
Armor: Skin              ||     4
Dodge: Dodged            ||    32

Table legend:
 A = Spawn XP
 B = Non-spawn XP
 C = Spawn XP percentage of total XP
 D = Spawn monster count
 E = Non-spawn monster count
 F = Spawn count percentage of total count
 G = Total turns spent on level
                    A         B        C        D         E        F      G
               +---------+---------+-------+---------+---------+-------+---------
         Total |       0 |      43 |   0.0 |       0 |      23 |   0.0 |  1010
               +---------+---------+-------+---------+---------+-------+---------
           D:1 |       0 |      37 |   0.0 |       0 |      20 |   0.0 |   950
           D:2 |       0 |       6 |   0.0 |       0 |       3 |   0.0 |    60
               +---------+---------+-------+---------+---------+-------+---------
